 Dungeon Crawl Stone Soup version 0.14.0-26-g1682e81 (webtiles) character file.

923 Heini the Chopper (level 7, -4/61 (63) HPs)
             Began as a Hill Orc Fighter on Apr 28, 2014.
             Slain by an orc
             ... wielding a +0,+0 flail
              (5 damage)
             ... on Level 4 of the Dungeon.
             The game lasted 00:09:52 (2859 turns).

Heini the Chopper (Hill Orc Fighter)                Turns: 2859, Time: 00:09:52

HP  -4/61 (63)   AC 12     Str 21      XL: 7   Next: 83%
MP   7/7         EV  5     Int  8      God:
Gold 151         SH 18     Dex 10      Spells:  0 memorised,  6 levels left

rFire  . . .     SeeInvis .     a - +1,+0 war axe
rCold  . . .     Clarity  .     e - +0 chain mail
rNeg   . . .     Conserve .     c - +0 shield
rPois  .         rCorr    .     w - +0 helmet
rElec  .         rRot     .     s - +0 cloak
SustAb . .       Spirit   .     (no gloves)
rMut   .         Warding  .     (no boots)
Saprov + . .     Stasis   .     (no amulet)
MR     .....                    (no ring)
                                (no ring)

@: slowed, very slow, not resistant to hostile enchantments, extremely
unstealthy
A: saprovore 1
a: no special abilities


You were on level 4 of the Dungeon.
You were not hungry.

You visited 2 branches of the dungeon, and saw 6 of its levels.

You collected 151 gold pieces.

Inventory:

Hand weapons
 a - a +1,+0 war axe (weapon)
Armour
 c - a +0 shield (worn)
 e - a +0 chain mail (worn)
 s - a +0 cloak (worn)
 w - a +0 helmet (worn)
Magical devices
 r - a wand of frost (0)
Comestibles
 d - a meat ration
 f - 5 bread rations
 n - a lemon
 p - 3 apples
 z - a lychee
Scrolls
 g - 5 scrolls of identify
 i - a scroll of random uselessness {unknown}
 q - 2 scrolls of fear {unknown}
 t - 2 scrolls of fog {unknown}
 u - a scroll of remove curse {unknown}
Jewellery
 k - an uncursed ring of flight
Potions
 j - a potion of flight {unknown}
 l - a potion of poison
 m - a potion of restore abilities
 o - a potion of mutation


   Skills:
 * Level 6.0 Fighting
 * Level 7.3 Axes
 * Level 6.5 Armour
 - Level 3.2 Shields


You had 6 spell levels left.
You didn't know any spells.

Dungeon Overview and Level Annotations

Branches:
Dungeon (5/15)             Temple (1/1) D:4

Altars:
Dithmenos
Elyvilon
Fedhas
Kikubaaqudgha
Makhleb
Sif Muna
Trog
Vehumet
Yredelemnul
Zin
The Shining One

Annotations:
D:3 Heini's ghost, average HOFi


Innate Abilities, Weirdness & Mutations

You can tolerate rotten meat.


Message History

You slash the orc priest!
The orc priest is severely wounded.
You block the orc's attack. The orc hits you but does no damage.
The orc hits you but does no damage.
The orc priest invokes the aid of Beogh against you.
Something smites you!
* * * LOW HITPOINT WARNING * * *
You block the orc's attack. The orc barely misses you.
You closely miss the orc priest.
The orc priest is severely wounded.
The orc priest hits you with a flail.
* * * LOW HITPOINT WARNING * * *
The orc hits you but does no damage. The orc barely misses you.
The orc priest hits you but does no damage.
Unknown command.
You slash the orc priest!
You kill the orc priest!
You block the orc's attack. The orc hits you but does no damage.
The orc hits you but does no damage. The orc hits you with a flail.
You die...

#....+#.#o..o....#
.#...#.#...#o#...#.#
.....#.#..#.....#.#
#.#.#.#...#.......#
....#.#.##.##....#...
...#.#.#.#.......# #
....#.#.#........### # # #.#
..#.#.#o..........# #.#.#.#.#
#.#/#@#..........#
#.#.#.#.#.#+#.#o#)..........#
.#.#........................##
#.#.....#....8...............#
.#.#.........>...............#
........#..>.8....##.........#
.....#[#.#.#.#+#.###.........#
..(..(#...#.....#.##.........#
....)#)....#.....#...........#


You could see 2 orcs.

Vanquished Creatures
  Prince Ribbit (D:5)
  A scorpion (D:4)
  An orc priest (D:4)
  A crimson imp (D:5)
  An iguana (D:4)
  Crazy Yiuf (D:2)
  A giant frog skeleton (D:5)
  3 hounds (D:5)
  5 orc wizards (D:4)
  2 worker ants
  4 adders
  A giant mite (D:5)
  A worm (D:2)
  An ooze (D:2)
  8 orcs (D:4)
  A ball python (D:5)
  6 giant cockroaches
  4 hobgoblins
  7 kobolds
  A quokka (D:5)
  8 bats
  A giant gecko skeleton (D:5)
  4 giant newts
  4 goblins
  7 rats
  2 toadstools (D:1)
77 creatures vanquished.

Vanquished Creatures (others)
  2 toadstools (D:1)
2 creatures vanquished.

Grand Total: 79 creatures vanquished

Notes
Turn   | Place    | Note
--------------------------------------------------------------
     0 | D:1      | Heini, the Hill Orc Fighter, began the quest for the Orb.
     0 | D:1      | Reached XP level 1. HP: 19/19 MP: 1/1
   151 | D:1      | Reached XP level 2. HP: 20/27 MP: 2/2
   332 | D:1      | Reached skill level 4 in Fighting
   720 | D:2      | Found a deep blue altar of Sif Muna.
   825 | D:2      | Reached XP level 3. HP: 33/33 MP: 3/3
   900 | D:2      | Found a burning altar of Makhleb.
  1257 | D:2      | Noticed Crazy Yiuf
  1280 | D:2      | Killed Crazy Yiuf
  1280 | D:2      | Reached XP level 4. HP: 12/41 MP: 4/4
  1557 | D:3      | Noticed Heini's ghost (average HOFi)
  1674 | D:4      | Reached XP level 5. HP: 47/47 MP: 5/5
  1677 | D:4      | Reached skill level 5 in Axes
  1678 | D:4      | Reached skill level 5 in Fighting
  1682 | D:4      | Found a glowing silver altar of Zin.
  1743 | D:4      | Reached XP level 6. HP: 28/56 MP: 6/6
  1746 | D:4      | Reached skill level 5 in Armour
  1897 | D:4      | Found a staircase to the Ecumenical Temple.
  1991 | D:4      | Found a shadowy altar of Dithmenos.
  1993 | D:4      | HP: 1/56 [orc wizard/magic dart (11)]
  1997 | D:5      | Entered Level 5 of the Dungeon
  1997 | D:5      | Noticed a necrophage
  2101 | D:5      | Reached skill level 6 in Axes
  2118 | D:5      | Reached XP level 7. HP: 3/59 MP: 7/7
  2493 | D:5      | Noticed Prince Ribbit
  2505 | D:5      | Killed Prince Ribbit
  2505 | D:5      | Reached skill level 7 in Axes
  2589 | Temple   | Entered the Ecumenical Temple
  2858 | D:4      | HP: 1/61 [orc priest/flail (4)]
  2859 | D:4      | Slain by an orc

Action                   |  1- 3 |  4- 6 |  7- 9 || total
-------------------------+-------+-------+-------++-------
Melee: War axe           |   125 |   133 |    52 ||   310
  Use: Potion            |     1 |     5 |     1 ||     7
       Scroll            |       |     6 |       ||     6
